[ AOE2 MATCH · #513764383 ]
UnrankedCumans vs Chinese
Player's team · WIN
Rival team · LOSS
[ REPLAY ANALYSIS · EXTRACTED FROM THE RECORDED GAME ]
Feudal
10:23
Castle
32:12
Imperial
—
| APM avg | 49.2 |
| APM peak | 113 |
| eAPM avg | 22.0 |
| Villagers / military | 70 / 85 |
Focus
⚔️ 30.2% · 🌾 69.8%
Archer ×62 · Battering Ram ×10 · Militia ×5 · Scout Cavalry ×5 · Skirmisher ×3
Feudal
8:35
Castle
29:10
Imperial
—
| APM avg | 41.1 |
| APM peak | 81 |
| eAPM avg | 18.6 |
| Villagers / military | 54 / 30 |
Focus
⚔️ 30.5% · 🌾 69.5%
Archer ×22 · Iron Pagoda ×6 · Scorpion ×2
Match map
Initial resources + every placement click. Lines = walls · curves = elevation contours. ◆ gold · ⬟ stone · ● berries · ✦ relic · ◌ wall gap
Your base· Open — 3t gap
ZEKAR8291's base· Open — unwalled flank
Smoothed initial terrain · ◌ = detected wall gap · hover for details
Inputs per minute
— ICEMANIAN - - ZEKAR8291
Build order — ICEMANIAN
First 150 of 223 actions detected
| 0:01 | Queue | Villager (Male) |
| 0:01 | Queue | Villager (Male) |
| 0:02 | Build | House |
| 0:04 | Build | House |
| 0:04 | Queue | Villager (Male) |
| 0:18 | Queue | Villager (Male) |
| 0:18 | Queue | Villager (Male) |
| 1:22 | Queue | Villager (Male) |
| 1:55 | Build | Lumber Camp |
| 2:02 | Queue | Villager (Male) |
| 2:02 | Queue | Villager (Male) |
| 2:24 | Queue | Villager (Male) |
| 2:49 | Queue | Villager (Male) |
| 2:49 | Queue | Villager (Male) |
| 3:19 | Queue | Villager (Male) |
| 3:40 | Queue | Villager (Male) |
| 4:09 | Queue | Villager (Male) |
| 4:09 | Queue | Villager (Male) |
| 4:17 | Build | Mill |
| 4:40 | Build | House |
| 4:42 | Research | Loom |
| 4:43 | Queue | Villager (Male) |
| 5:06 | Queue | Villager (Male) |
| 5:13 | Queue | Villager (Male) |
| 5:14 | Queue | Villager (Male) |
| 5:14 | Queue | Villager (Male) |
| 5:32 | Queue | Villager (Male) |
| 5:32 | Queue | Villager (Male) |
| 5:38 | Queue | Villager (Male) |
| 5:39 | Queue | Villager (Male) |
| 6:50 | Build | Farm |
| 6:53 | Build | House |
| 7:17 | Build | Farm |
| 7:42 | Build | Farm |
| 8:10 | Build | Farm |
| 8:13 | Research | Feudal Age |
| 9:06 | Build | Mining Camp |
| 10:13 | Build | Barracks |
| 10:23 | Age | Feudal Age |
| 10:25 | Queue | Villager (Male) |
| 10:26 | Queue | Villager (Male) |
| 10:30 | Research | Double-Bit Axe |
| 10:44 | Queue | Villager (Male) |
| 11:07 | Research | Man-at-Arms (upgrade) |
| 11:09 | Queue | Militia |
| 11:09 | Queue | Militia |
| 11:10 | Queue | Militia |
| 11:25 | Build | Archery Range |
| 11:30 | Queue | Villager (Male) |
| 11:43 | Queue | Villager (Male) |
| 11:54 | Build | Blacksmith |
| 11:57 | Build | House |
| 12:08 | Build | Farm |
| 12:21 | Queue | Archer |
| 12:22 | Queue | Archer |
| 12:37 | Build | Farm |
| 12:38 | Queue | Villager (Male) |
| 12:42 | Queue | Archer |
| 12:53 | Build | Farm |
| 12:57 | Queue | Villager (Male) |
| 12:58 | Queue | Archer |
| 12:59 | Build | House |
| 13:05 | Research | Fletching |
| 13:20 | Build | House |
| 13:21 | Build | House |
| 13:39 | Build | Palisade Wall |
| 13:43 | Queue | Archer |
| 13:46 | Queue | Militia |
| 13:49 | Build | Farm |
| 13:52 | Build | Farm |
| 13:53 | Queue | Villager (Male) |
| 14:07 | Queue | Archer |
| 14:08 | Queue | Archer |
| 14:19 | Queue | Villager (Male) |
| 14:50 | Build | Siege Workshop |
| 14:57 | Queue | Villager (Male) |
| 14:57 | Queue | Villager (Male) |
| 15:01 | Queue | Archer |
| 15:31 | Queue | Archer |
| 15:33 | Queue | Militia |
| 16:00 | Queue | Archer |
| 16:04 | Research | Padded Archer Armor |
| 16:08 | Queue | Villager (Male) |
| 16:13 | Build | Farm |
| 16:16 | Build | Farm |
| 16:26 | Queue | Battering Ram |
| 16:32 | Queue | Skirmisher |
| 16:40 | Build | House |
| 16:42 | Build | House |
| 16:44 | Queue | Villager (Male) |
| 16:44 | Queue | Villager (Male) |
| 17:01 | Queue | Battering Ram |
| 17:10 | Build | House |
| 17:11 | Build | House |
| 17:13 | Queue | Villager (Male) |
| 17:14 | Queue | Villager (Male) |
| 17:33 | Queue | Skirmisher |
| 17:39 | Build | Farm |
| 18:08 | Queue | Skirmisher |
| 19:32 | Queue | Battering Ram |
| 19:32 | Queue | Battering Ram |
| 19:46 | Queue | Battering Ram |
| 19:47 | Queue | Archer |
| 19:49 | Build | Archery Range |
| 19:51 | Queue | Archer |
| 19:51 | Queue | Archer |
| 20:18 | Queue | Archer |
| 20:18 | Queue | Archer |
| 20:22 | Build | Archery Range |
| 20:29 | Queue | Battering Ram |
| 20:47 | Queue | Archer |
| 20:47 | Queue | Archer |
| 20:59 | Queue | Villager (Male) |
| 21:08 | Queue | Archer |
| 21:08 | Queue | Archer |
| 21:09 | Queue | Archer |
| 21:09 | Queue | Archer |
| 21:09 | Queue | Archer |
| 21:09 | Queue | Archer |
| 21:10 | Queue | Archer |
| 21:11 | Queue | Villager (Male) |
| 21:35 | Build | Lumber Camp |
| 21:41 | Queue | Archer |
| 21:41 | Queue | Archer |
| 22:16 | Queue | Archer |
| 22:16 | Queue | Archer |
| 22:30 | Queue | Archer |
| 22:30 | Queue | Archer |
| 22:31 | Queue | Battering Ram |
| 22:31 | Queue | Battering Ram |
| 23:33 | Queue | Archer |
| 23:33 | Queue | Archer |
| 23:34 | Queue | Battering Ram |
| 23:34 | Queue | Battering Ram |
| 23:37 | Queue | Villager (Male) |
| 23:37 | Queue | Villager (Male) |
| 23:59 | Queue | Archer |
| 23:59 | Queue | Archer |
| 24:07 | Queue | Villager (Male) |
| 24:07 | Queue | Villager (Male) |
| 24:10 | Build | Mill |
| 24:12 | Build | Farm |
| 24:14 | Build | Farm |
| 24:15 | Queue | Villager (Male) |
| 24:17 | Build | Farm |
| 24:22 | Build | Farm |
| 24:28 | Queue | Archer |
| 24:28 | Queue | Archer |
| 24:30 | Queue | Villager (Male) |
| 24:53 | Build | Farm |
Build order — ZEKAR8291
First 150 of 158 actions detected
| 0:10 | Research | Loom |
| 0:43 | Queue | Villager (Male) |
| 0:44 | Queue | Villager (Male) |
| 1:09 | Queue | Villager (Male) |
| 1:09 | Queue | Villager (Male) |
| 1:50 | Queue | Villager (Male) |
| 2:13 | Queue | Villager (Male) |
| 2:13 | Queue | Villager (Male) |
| 2:34 | Queue | Villager (Male) |
| 2:34 | Queue | Villager (Male) |
| 2:47 | Queue | Villager (Male) |
| 3:14 | Queue | Villager (Male) |
| 3:14 | Queue | Villager (Male) |
| 3:34 | Build | House |
| 4:00 | Build | Mining Camp |
| 4:11 | Queue | Villager (Male) |
| 4:12 | Queue | Villager (Male) |
| 4:42 | Queue | Villager (Male) |
| 4:42 | Queue | Villager (Male) |
| 5:40 | Build | Mill |
| 5:59 | Queue | Villager (Male) |
| 6:19 | Research | Feudal Age |
| 6:53 | Build | Lumber Camp |
| 7:08 | Queue | Villager (Male) |
| 7:37 | Build | House |
| 8:35 | Age | Feudal Age |
| 8:42 | Build | Barracks |
| 8:50 | Queue | Villager (Male) |
| 9:14 | Build | House |
| 9:21 | Queue | Villager (Male) |
| 9:21 | Queue | Villager (Male) |
| 9:21 | Queue | Villager (Male) |
| 9:24 | Build | Farm |
| 9:24 | Build | Farm |
| 9:24 | Build | Farm |
| 9:45 | Build | Mining Camp |
| 9:52 | Build | Watch Tower |
| 10:01 | Queue | Villager (Male) |
| 10:18 | Build | Watch Tower |
| 10:25 | Build | Watch Tower |
| 10:37 | Build | Archery Range |
| 10:45 | Queue | Villager (Male) |
| 10:45 | Queue | Villager (Male) |
| 10:45 | Queue | Villager (Male) |
| 10:46 | Queue | Villager (Male) |
| 11:07 | Research | Double-Bit Axe |
| 11:07 | Research | Double-Bit Axe |
| 11:34 | Build | Watch Tower |
| 11:38 | Queue | Villager (Male) |
| 11:43 | Build | House |
| 11:49 | Queue | Archer |
| 11:50 | Queue | Archer |
| 11:50 | Queue | Archer |
| 12:05 | Build | House |
| 12:06 | Build | Palisade Wall |
| 12:15 | Queue | Archer |
| 12:29 | Queue | Villager (Male) |
| 12:35 | Build | Farm |
| 12:36 | Build | Farm |
| 12:36 | Build | Farm |
| 13:00 | Queue | Archer |
| 13:00 | Queue | Archer |
| 13:14 | Build | Watch Tower |
| 13:24 | Build | Blacksmith |
| 13:27 | Queue | Villager (Male) |
| 13:27 | Queue | Villager (Male) |
| 13:45 | Queue | Villager (Male) |
| 13:47 | Build | Farm |
| 14:19 | Research | Fletching |
| 14:27 | Build | Farm |
| 14:44 | Build | Watch Tower |
| 14:50 | Queue | Archer |
| 14:55 | Build | House |
| 14:59 | Queue | Villager (Male) |
| 15:00 | Queue | Villager (Male) |
| 15:01 | Build | Farm |
| 15:03 | Build | Farm |
| 15:11 | Queue | Archer |
| 15:47 | Build | House |
| 15:47 | Build | House |
| 15:49 | Queue | Villager (Male) |
| 15:49 | Queue | Villager (Male) |
| 15:50 | Build | Farm |
| 16:14 | Build | Watch Tower |
| 16:15 | Queue | Archer |
| 16:16 | Queue | Archer |
| 16:20 | Queue | Villager (Male) |
| 16:22 | Build | Farm |
| 16:23 | Build | Farm |
| 16:29 | Research | Gold Mining |
| 16:32 | Research | Stone Mining |
| 16:47 | Build | House |
| 16:52 | Build | House |
| 16:54 | Build | Farm |
| 17:06 | Build | Watch Tower |
| 17:11 | Queue | Archer |
| 17:27 | Research | Padded Archer Armor |
| 17:30 | Queue | Villager (Male) |
| 17:30 | Queue | Villager (Male) |
| 17:31 | Queue | Villager (Male) |
| 17:46 | Queue | Villager (Male) |
| 18:04 | Build | Watch Tower |
| 18:24 | Build | Mining Camp |
| 18:56 | Queue | Archer |
| 18:56 | Queue | Archer |
| 19:39 | Build | Mining Camp |
| 19:44 | Queue | Villager (Male) |
| 19:44 | Queue | Villager (Male) |
| 19:47 | Queue | Archer |
| 20:11 | Queue | Villager (Male) |
| 20:11 | Queue | Villager (Male) |
| 20:25 | Build | Market |
| 20:27 | Queue | Villager (Male) |
| 20:45 | Build | Watch Tower |
| 20:52 | Queue | Archer |
| 20:52 | Queue | Archer |
| 20:52 | Queue | Archer |
| 21:00 | Queue | Villager (Male) |
| 21:07 | Build | Lumber Camp |
| 21:12 | Queue | Archer |
| 21:12 | Queue | Archer |
| 21:45 | Build | Watch Tower |
| 22:15 | Build | Lumber Camp |
| 23:06 | Queue | Villager (Male) |
| 23:07 | Queue | Villager (Male) |
| 23:07 | Queue | Villager (Male) |
| 23:07 | Queue | Villager (Male) |
| 23:49 | Queue | Archer |
| 23:49 | Queue | Archer |
| 23:50 | Queue | Archer |
| 23:50 | Queue | Villager (Male) |
| 23:51 | Queue | Villager (Male) |
| 23:51 | Queue | Villager (Male) |
| 25:51 | Build | Watch Tower |
| 25:54 | Build | Watch Tower |
| 26:31 | Research | Castle Age |
| 27:44 | Build | House |
| 27:46 | Build | House |
| 27:46 | Build | House |
| 27:46 | Build | House |
| 27:49 | Build | House |
| 27:55 | Build | House |
| 28:33 | Build | Farm |
| 29:10 | Age | Castle Age |
| 29:20 | Build | Siege Workshop |
| 29:20 | Build | Siege Workshop |
| 29:43 | Queue | Iron Pagoda |
| 29:44 | Queue | Iron Pagoda |
| 29:52 | Research | Gold Mining |
| 30:05 | Queue | Iron Pagoda |
Match timeline
| 8:35 | ZEKAR8291 · age_up feudal |
| 8:42 | ZEKAR8291 · first_building Barracks |
| 10:13 | ICEMANIAN · first_building Barracks |
| 10:23 | ICEMANIAN · age_up feudal |
| 10:37 | ZEKAR8291 · first_building Archery Range |
| 11:25 | ICEMANIAN · first_building Archery Range |
| 12:06 | ZEKAR8291 · wall_segment Palisade Wall x1 |
| 13:39 | ICEMANIAN · wall_segment Palisade Wall x1 |
| 14:50 | ICEMANIAN · first_building Siege Workshop |
| 21:09 | ZEKAR8291 · first_market_sell 100 wood |
| 24:56 | ZEKAR8291 · first_market_buy 100 food |
| 27:46 | ICEMANIAN · first_building Stable |
| 29:10 | ZEKAR8291 · age_up castle |
| 29:20 | ZEKAR8291 · first_building Siege Workshop |
| 29:30 | ICEMANIAN · first_market_sell 100 wood |
| 32:12 | ICEMANIAN · age_up castle |
| 32:17 | ZEKAR8291 · resign |
[ AI ANALYSIS · 1 CREDIT ]
What really happened in this match?
Wolo.gg analyzes every decision: build order, eco, micro, common mistakes by bracket. Personalized analysis on WhatsApp or Discord in 30 seconds.
Civ guide
Cumans
Perfil
ICEMANIAN